 Dungeon Crawl Stone Soup version 0.30-a0-737-gf23d94013f (webtiles) character file.

Game seed: 3837254243346111406

748 Newt the Cutter (level 7, 0/54 HPs)
             Began as a Demonspawn Gladiator on Feb 1, 2023.
             Was an Initiate of Makhleb.
             Slain by an orc
             ... wielding a +0 flail
              (4 damage)
             ... on level 5 of the Dungeon.
             The game lasted 00:04:32 (5043 turns).

Newt the Cutter (Demonspawn Gladiator)              Turns: 5043, Time: 00:04:32

Health: 0/54       AC:  5    Str: 17    XL:     7   Next: 48%
Magic:  7/7        EV: 13    Int:  9    God:    Makhleb [......]
Gold:   209        SH:  0    Dex: 20    Spells: 6/6 levels left

rFire   . . .      SeeInvis +    y - +3 hand axe (heavy)
rCold   . . .      Faith    .    (no shield)
rNeg    . . .      Spirit   .    i - +0 leather armour
rPois   .          Reflect  .    c - +1 helmet
rElec   .          Harm     .    (no cloak)
rCorr   .          Rampage  .    (no gloves)
Will    .....                    (no boots)
Stlth   ++                       (no amulet)
HPRegen 0.29/turn                l - ring of see invisible
MPRegen 0.10/turn                x - +6 ring of dexterity

@: no status effects
A: demonic guardian 1, demonic touch 1
a: Renounce Religion


You were on level 5 of the Dungeon.
You worshipped Makhleb.
Makhleb was noncommittal.
You visited 2 branches of the dungeon, and saw 6 of its levels.

You collected 209 gold pieces.

Inventory:

Hand Weapons
 a - a +3 dagger of speed
 b - a +4 dagger of freezing
 u - a +0 rapier of freezing
 y - a +3 heavy hand axe (weapon)
Missiles
 d - 3 throwing nets
 e - a javelin
 f - 37 stones (quivered)
 v - 4 poisoned darts
Armour
 c - a +1 helmet (worn)
 i - a +0 leather armour (worn)
Jewellery
 l - a ring of see invisible (left hand)
 p - a ring of ice
 x - a +6 ring of dexterity (right hand)
Scrolls
 j - a scroll of torment
 m - a scroll of identify
 q - 3 scrolls of teleportation
Potions
 g - 3 potions of might
 h - a potion of curing
 k - 2 potions of haste
 n - a potion of mutation {unknown}
 o - a potion of lignification {unknown}
 r - a potion of invisibility {unknown}
 s - 2 potions of attraction {unknown}
 t - a potion of ambrosia {unknown}
 w - a potion of heal wounds {unknown}


   Skills:
 - Level 4.0 Fighting
 - Level 5.0 Short Blades
 + Level 1.4 Axes
 - Level 5.0 Throwing
 - Level 2.6 Dodging
 - Level 2.0 Stealth


You had 6 spell levels left.
You didn't know any spells.
Your spell library contained the following spells:

 Spells                   Type           Power      Damage    Failure   Level
 Ensorcelled Hibernation  Hex/Ice        0%         N/A       58%         2
 Spider Form              Tmut/Pois      0%         N/A       83%         3
 Anguish                  Hex/Necr       0%         N/A       99%         4


Dungeon Overview and Level Annotations

Branches:
Dungeon (5/15)             Temple (1/1) D:4

Altars:
Cheibriados
Dithmenos
Fedhas
Hepliaklqana
Kikubaaqudgha
Makhleb
Nemelex Xobeh
Qazlal
Ru
Sif Muna
Trog
Uskayaw
Wu Jian
Xom
Yredelemnul


Innate Abilities, Weirdness & Mutations

A weak demonic guardian rushes to your aid.
Your touch may inflict minor irresistible damage on your foes.


Message History

* * * LOW HITPOINT WARNING * * *
The centaur kicks you.
* * * LOW HITPOINT WARNING * * *
A demonic guardian appears!
The orc hits you but does no damage. The orc closely misses your ufetubus.
The orc hits you but does no damage. The centaur misses you.
The centaur barely misses you. x3
The orc hits you but does no damage.
The orc hits your ufetubus with a +0 hand axe.
The orc hits you with a +0 flail.
* * * LOW HITPOINT WARNING * * *
Unknown command.
You slash the centaur!
You kill the centaur!
Makhleb accepts your kill.
You hit the orc but do no damage. You closely miss the orc.
You closely miss the centaur.
The centaur hits you but does no damage.
The centaur misses you.
Your ufetubus hits the orc.
The orc dies!
Makhleb accepts your kill. The centaur closely misses you.
The centaur completely misses you. The orc closely misses you.
Your ufetubus barely misses the orc.
Your ufetubus closely misses the orc.
The orc misses you.
The centaur hits you but does no damage.
The centaur closely misses you. The orc closely misses you.
Training target 5.0 for Throwing reached!
Your Throwing skill increases to level 5!
You need to enable at least one skill for training.
Your Axes skill increases to level 1!
Unknown command.
You slash the orc!
You kill the orc!
Makhleb accepts your kill.
You hit the orc. You hit the centaur. The centaur hits you.
* * * LOW HITPOINT WARNING * * *
The centaur closely misses you.
Your ufetubus hits the centaur but does no damage.
Your ufetubus barely misses the centaur.
The orc hits you with a +0 flail.
You die...

# #. .# #. #. #.##
.. #. #. #.. !
#..#. #.# .###
#..#.### ##.###...
#...#..####...#..#
#..#.##......#
#<###..?..)c.#.#
##.#.##.^.@5...#
#.# ##..o).#...#
#.# ####..# . # .
...# #. ..... ##
.###.# .# .# (# #


You could see a centaur (ally target), an orc and a friendly ufetubus
(summoned).

Vanquished Creatures
  2 black bears (D:4)
  An ogre (D:4)
  A centaur (D:5)
  A hound (D:4)
  An orc priest (D:4)
  An iguana (D:4)
  An orc wizard (D:2)
  2 scorpion zombies (D:4)
  5 adders
  2 ufetubi (D:4)
  A worm (D:4)
  2 dart slugs (D:2)
  8 orcs
  2 ball pythons
  3 bats
  5 endoplasms
  A giant cockroach (D:3)
  7 goblins
  8 hobgoblins
  3 quokkas
  2 frilled lizards (D:1)
  5 kobolds
  3 rats
67 creatures vanquished.

Vanquished Creatures (collateral kills)
  An ogre (D:4)
  An orc priest (D:4)
  2 worms (D:2)
  An orc (D:5)
  A goblin (D:2)
6 creatures vanquished.

Grand Total: 73 creatures vanquished

Notes
Turn   | Place    | Note
-------+----------+-------------------------------------------
     0 | D:1      | Newt the Demonspawn Gladiator began the quest for the Orb.
     0 | D:1      | Reached XP level 1. HP: 16/16 MP: 1/1
    76 | D:1      | Reached skill level 1 in Stealth
   248 | D:1      | Gained mutation: A weak demonic guardian rushes to your
                  | aid. [demonic ancestry]
   248 | D:1      | Reached XP level 2. HP: 22/22 MP: 2/2
  1045 | D:2      | Reached XP level 3. HP: 24/28 MP: 3/3
  1499 | D:2      | Found a sacrificial altar of Ru.
  1563 | D:2      | Reached XP level 4. HP: 24/37 MP: 4/4
  2763 | D:4      | Reached XP level 5. HP: 42/42 MP: 5/5
  2894 | D:4      | Noticed a black bear
  2904 | D:4      | Killed a black bear
  2905 | D:4      | Reached XP level 6. HP: 31/48 MP: 6/6
  2971 | D:4      | Found a bloodstained altar of Trog.
  3051 | D:4      | Found a staircase to the Ecumenical Temple.
  3112 | Temple   | Entered the Ecumenical Temple
  3200 | Temple   | Became a worshipper of Makhleb the Destroyer
  3245 | D:4      | Found a sparkling altar of Nemelex Xobeh.
  3272 | D:4      | Reached skill level 5 in Short Blades
  3971 | D:4      | Found a shimmering blue altar of Sif Muna.
  4122 | D:4      | Gained mutation: Your touch may inflict minor irresistible
                  | damage on your foes. [demonic ancestry]
  4122 | D:4      | Reached XP level 7. HP: 18/54 MP: 7/7
  4985 | D:4      | Found a basalt altar of Yredelemnul.
  5025 | D:5      | Entered Level 5 of the Dungeon
  5043 | D:5      | Reached skill level 5 in Throwing
  5043 | D:5      | Reached skill level 1 in Axes
  5043 | D:5      | Slain by an orc

Illustrated notes

Levels and vault maps discovered:
D:1:      amcnicky_arrival_single_pillar, layout_loops_ring, serial_bayou_ford_a
D:2:      layout_basic, basic_altar, nicolae_titane
D:3:      layout_basic, minmay_bisected
D:4:      layout_loops_cross, mainiacjoe_overflow_chevrons,
          lemuel_zombie_altar_yredelemnul, mainiacjoe_overflow_surrounded_room,
          nemelex_diamond_rough_becter, minmay_temple_entry_hall
D:5:      layout_loops_ring, mainiacjoe_overflow_alcove_4, minmay_manual_mares,
          uniq_eustachio, uniq_edmund, uniq_grinder, uniq_duvessa
Temple:   nicolae_temple_great_sept

Skill      XL: |  1  2  3  4  5  6  7 |
---------------+----------------------+-----
Stealth        | 1 2 |  2.0
Fighting       | 4 |  4.0
Short Blades   | 3 4 5 |  5.0
Throwing       | 4 5 |  5.0
Axes           | 1 |  1.4
Dodging        | |  2.6

Action                     |  1- 3 |  4- 6 |  7- 9 || total
---------------------------+-------+-------+-------++-------
  Melee: Rapier            |    40 |       |       ||    40
         Punch             |     3 |     1 |       ||     4
         Dagger            |    65 |   104 |       ||   169
         Hand axe          |       |    16 |    18 ||    34
         Touch             |       |       |     5 ||     5
  Throw: Dart              |       |     3 |       ||     3
         Throwing net      |       |     3 |       ||     3
         Stone             |       |     2 |       ||     2
         Javelin           |       |     1 |     1 ||     2
    Use: Scroll            |     6 |     7 |       ||    13
         Potion            |     1 |     1 |       ||     2
   Stab: Sleeping          |     4 |     4 |       ||     8
         Distracted        |     1 |       |       ||     1
         Held in net/web   |       |     1 |       ||     1
 Armour: Leather armour    |    18 |    44 |    14 ||    76
  Dodge: Dodged            |    49 |   102 |    49 ||   200

Table legend: (Time is in decaauts)
 A = Elapsed time spent in this place.
 B = Non-inter-level travel time spent in this place.
 C = Inter-level travel time spent in this place.
 D = Time resting spent in this place.
 E = Time spent auto-exploring this place.
 F = Levels seen in this place.
 G = Mean time per level.
                   A        B        C        D        E       F      G
               +--------+--------+--------+--------+--------+-----+--------+
         Total |   5052 |   4890 |    162 |   1166 |   3111 |   6 |  842.0 |
       Dungeon |   4951 |   4802 |    149 |   1166 |   3048 |   5 |  990.2 |
        Temple |    100 |     88 |     12 |      0 |     63 |   1 |  100.0 |
               +--------+--------+--------+--------+--------+-----+--------+

Top non-repeatable levels by time:
     D:4: 1848 daAuts
     D:3: 1320 daAuts
     D:2: 1057 daAuts
     D:1: 700 daAuts
  Temple: 100 daAuts
     D:5: 23 daAuts
